 Dungeon Crawl Stone Soup version 0.30-a0-857-gcaf70739d4 (webtiles) character file.

Game seed: 7240896493562234664

69 Adrian566 the Chopper (level 4, -7/40 HPs)
             Began as a Hill Orc Fighter on Mar 5, 2023.
             Killed from afar by an orc wizard (9 damage)
             ... with a puff of flame
             ... on level 3 of the Dungeon.
             The game lasted 00:01:25 (1494 turns).

Adrian566 the Chopper (Hill Orc Fighter)            Turns: 1494, Time: 00:01:26

Health: -7/40      AC: 10    Str: 20    XL:     4   Next: 20%
Magic:  4/4        EV:  7    Int:  8    God:
Gold:   134        SH:  4    Dex: 10    Spells: 3/3 levels left

rFire   . . .      SeeInvis .    a - +0 war axe
rCold   . . .      Faith    .    c - +0 buckler
rNeg    . . .      Spirit   .    e - +0 chain mail
rPois   .          Reflect  .    f - +0 helmet
rElec   .          Rampage  .    (no cloak)
rCorr   .                        (no gloves)
Will    .....                    (no boots) Stlth
                                 (no amulet)
HPRegen 0.26/turn                (no ring)
MPRegen 0.09/turn                (no ring)

@: no status effects
A: no striking features
a: no special abilities


You were on level 3 of the Dungeon.
You visited 1 branch of the dungeon, and saw 3 of its levels.

You collected 134 gold pieces.

Inventory:

Hand Weapons
 a - a +0 war axe (weapon)
Armour
 c - a +0 buckler (worn)
 e - a +0 chain mail (worn)
 f - a +0 helmet (worn)
Wands
 o - a wand of polymorph (9)
Scrolls
 b - 4 scrolls of identify {unknown}
 i - a scroll of enchant armour {unknown}
 j - a scroll of vulnerability {unknown}
 k - a scroll of amnesia {unknown}
 l - 2 scrolls of teleportation {unknown}
 p - a scroll of brand weapon {unknown}
Potions
 d - 2 potions of might
 g - 2 potions of mutation {unknown}
 h - a potion of degeneration {unknown}
 m - a potion of invisibility {unknown}
 n - a potion of flight {unknown}
 q - a potion of haste {unknown}


   Skills:
 + Level 3.9 Fighting
 * Level 4.6 Axes
 + Level 3.9 Armour
 + Level 3.5 Shields


You had 3 spell levels left.
You didn't know any spells.
Your spell library was empty.

Dungeon Overview and Level Annotations

Branches:
Dungeon (3/15)

Altars:


Message History

You slash something! Something hits you.
You bump into the rock wall.
Something hits you but does no damage.
You bump into the rock wall.
You hear some strange, mumbled words.
A magic dart appears from out of thin air!
The magic dart hits you!
You completely miss something. Something hits you but does no damage.
You bump into the rock wall.
You feel less confused. The orc hits you with a +0 dagger.
You slash the orc!
You kill the orc!
You hear some strange, mumbled words.
A puff of flame appears from out of thin air!
The puff of flame hits you!
* * * LOW HITPOINT WARNING * * *
Something hits you but does no damage.
Things that are here:
a +0 dagger; an orc corpse You completely miss something.
Something hits you but does no damage.
You closely miss something.
You hear some strange, mumbled words.
A puff of flame appears from out of thin air!
The puff of flame hits you.
* * * LOW HITPOINT WARNING * * *
Something hits you.
* * * LOW HITPOINT WARNING * * *
You closely miss something. Something hits you.
* * * LOW HITPOINT WARNING * * *
You hit something. Something hits you but does no damage.
You miss something. Something hits you.
* * * LOW HITPOINT WARNING * * *
You hear some strange, mumbled words.
A magic dart appears from out of thin air!
The magic dart hits you but does no damage.
You miss something.
You hear some strange, mumbled words.
A puff of flame appears from out of thin air!
The puff of flame hits you!
You die...

## ### .. ..#
.###############.# #
.#.............#.#.#
.....#########.#.#.#
....<+............>#
.....# ######†.#.#.#
.....# #.....#@#
.....#####..#.##{#
..........#+#.##o#
......##### #.##o#
.#'##.### ####.#
.#.##...+ ..#
.#.##.### #.#
.#.##.# #.# .#.##.#


You could see 2 orcs.

Vanquished Creatures
  A white imp (D:3)
  2 worms (D:2)
  4 dart slugs
  An orc (D:3)
  4 endoplasms
  2 giant cockroaches
  6 goblins
  4 hobgoblins (D:1)
  3 kobolds (D:1)
  A quokka (D:1)
  6 ball pythons
  4 bats (D:1)
  3 frilled lizards
  4 rats
45 creatures vanquished.

Notes
Turn   | Place    | Note
-------+----------+-------------------------------------------
     0 | D:1      | Adrian566 the Hill Orc Fighter began the quest for the Orb.
     0 | D:1      | Reached XP level 1. HP: 19/19 MP: 1/1
   126 | D:1      | Reached XP level 2. HP: 27/27 MP: 2/2
   130 | D:1      | Reached skill level 3 in Axes
   288 | D:1      | Reached XP level 3. HP: 33/33 MP: 3/3
   473 | D:1      | Reached skill level 4 in Axes
  1278 | D:2      | Reached XP level 4. HP: 40/40 MP: 4/4
  1491 | D:3      | HP: 2/40 [something (1)]
  1494 | D:3      | Killed from afar by an orc wizard

Illustrated notes

Levels and vault maps discovered:
D:1:      ncdulo_smallfort, layout_loops_ring
D:2:      layout_loops_ring, minmay_pentomino_q2
D:3:      layout_basic, serial_shops, nicolae_shop_waterfront,
          nicolae_diamond_shop, nicolae_shop_hallway_plus,
          nicolae_shop_temple_entry_statues_fountains, shop

Skill      XL: |  1  2  3 |
---------------+----------+-----
Axes           | 3 4 |  4.6
Fighting       | |  3.9
Armour         | |  3.9
Shields        | |  3.5

Action                     |  1- 3 |  4- 6 || total
---------------------------+-------+-------++-------
  Melee: War axe           |   119 |    27 ||   146
 Armour: Chain mail        |    76 |    16 ||    92
         Scale mail        |     5 |       ||     5
  Dodge: Dodged            |    37 |     5 ||    42
  Block: Buckler           |    28 |     2 ||    30

Table legend: (Time is in decaauts)
 A = Elapsed time spent in this place.
 B = Non-inter-level travel time spent in this place.
 C = Inter-level travel time spent in this place.
 D = Time resting spent in this place.
 E = Time spent auto-exploring this place.
 F = Levels seen in this place.
 G = Mean time per level.
                   A        B        C        D        E       F      G
               +--------+--------+--------+--------+--------+-----+--------+
         Total |   1553 |   1510 |     43 |      0 |   1140 |   3 |  517.7 |
       Dungeon |   1553 |   1510 |     43 |      0 |   1140 |   3 |  517.7 |
               +--------+--------+--------+--------+--------+-----+--------+

Top non-repeatable levels by time:
     D:1: 800 daAuts
     D:2: 637 daAuts
     D:3: 115 daAuts
